 Dungeon Crawl Stone Soup version 0.29.0-11-gd7f09526c8 (webtiles) character file.

Game seed: 12027563270190088020

4856 quinnr the Stormcaller (level 10, -1/56 HPs)
             Began as a Tengu Air Elementalist on Sept 6, 2022.
             Was a Believer of Vehumet.
             Shot with an arrow by a centaur warrior (10 damage)
             ... on level 9 of the Dungeon.
             The game lasted 00:23:43 (15116 turns).

quinnr the Stormcaller (Tengu Air Elementalist)    Turns: 15116, Time: 00:23:44

Health: -1/56      AC:  6    Str:  8    XL:     10   Next: 50%
Magic:  4/18       EV: 18    Int: 20    God:    Vehumet [**....]
Gold:   503        SH:  0    Dex: 15    Spells: 12/19 levels left

rFire   . . .      SeeInvis .   t - +2 dagger (venom)
rCold   . . .      Faith    .   (no shield)
rNeg    . . .      Spirit   .   a - +0 robe
rPois   .          Reflect  .   (helmet restricted)
rElec   .          Harm     .   (no cloak)
rCorr   .          Rampage  .   (no gloves)
Will    .....                   (boots unavailable)
Stlth   ++........              (no amulet)
HPRegen 0.18/turn               T - +4 ring of protection
MPRegen 0.16/turn               (no ring)

@: flying quickly and evasively, quick
A: beak, talons 3, nimble flight
a: Renounce Religion


You were on level 9 of the Dungeon.
You worshipped Vehumet.
Vehumet was pleased with you.
You visited 2 branches of the dungeon, and saw 10 of its levels.

You collected 503 gold pieces.


Innate Abilities, Weirdness & Mutations

You have a beak for a mouth.
You have claws for feet.
Your magical nature lets you fly swiftly and evasively.


   Skills:
 - Level 3.0 Fighting
 - Level 7.0 Dodging
 - Level 2.0 Stealth
 - Level 5.0 Spellcasting
 - Level 4.0 Conjurations
 + Level 15.9 Air Magic


You had 12 spell levels left.
You knew the following spells:

 Your Spells              Type           Power      Damage    Failure   Level
a - Airstrike             Air            31%        2d(5-21)  1%          4
t - Static Discharge      Conj/Air       44%        3-9/arc   1%          2
z - Shock                 Conj/Air       100%       1d9       1%          1

Your spell library contained the following spells:

 Spells                   Type           Power      Damage    Failure   Level
 Searing Ray              Conj           42%        2d6       3%          2
 Swiftness                Air            62%        N/A       1%          3
 Beastly Appendage        Tmut           10%        N/A       12%         1
 Summon Small Mammal      Summ           20%        N/A       12%         1
 Conjure Flame            Conj/Fire      13%        6-21      16%         3
 Wereblood                Tmut           5%         N/A       17%         2
 Call Canine Familiar     Summ           5%         N/A       34%         3
 Ignite Poison            Fire/Tmut/Pois 5%         N/A       34%         3
 Spider Form              Tmut/Pois      5%         N/A       34%         3
 Summon Guardian Golem    Hex/Summ       5%         N/A       34%         3
 Sticky Flame             Conj/Fire      13%        2d4       45%         4
 Summon Forest            Summ/Tloc      2%         N/A       97%         5
 Eringya's Noxious Bog    Tmut/Pois      2%         N/A       100%        6
 Orb of Destruction       Conj           10%        9d6       100%        7
 Spellforged Servitor     Conj/Summ      6%         N/A       100%        7
 Summon Hydra             Summ           2%         N/A       100%        7

Inventory:

Hand Weapons
 n - a +1 whip of electrocution
 t - a +2 dagger of venom (weapon)
Missiles
 p - 4 atropa-tipped darts
 r - 2 throwing nets {=f}
Armour
 a - a +0 robe (worn)
Magical Staves
 j - a staff of death {!a}
 y - a staff of poison {!a}
Jewellery
 T - a +4 ring of protection (left hand)
Wands
 d - a wand of mindburst (2)
 x - a wand of paralysis (14)
 B - a wand of roots (10)
Scrolls
 c - 4 scrolls of noise
 e - 3 scrolls of enchant armour {unknown}
 h - 6 scrolls of teleportation {@r2}
 i - 2 scrolls of poison
 k - 2 scrolls of vulnerability
 l - a scroll of brand weapon
 v - 4 scrolls of identify {unknown}
 w - a scroll of enchant weapon
 z - a scroll of torment {unknown}
 A - 2 scrolls of fear {unknown}
 D - a scroll of amnesia
Potions
 b - 2 potions of magic
 f - 4 potions of heal wounds {unknown}
 g - a potion of ambrosia {unknown}
 m - 2 potions of curing {@q1}
 o - a potion of attraction {unknown}
 q - 2 potions of degeneration {unknown}
 s - a potion of mutation {unknown}
 u - a potion of lignification {unknown}
 C - a potion of brilliance {unknown}

Dungeon Overview and Level Annotations

Branches:
Dungeon (9/15)             Temple (1/1) D:5            Lair (0/5) D:9
    Orc: D:9-12

Altars:
Ashenzari
Cheibriados
Dithmenos
Elyvilon
Fedhas
Gozag
Hepliaklqana
Kikubaaqudgha
Makhleb
Nemelex Xobeh
Okawaru
Qazlal
Ru
Sif Muna
Trog
Uskayaw
Vehumet
Wu Jian
Xom
Yredelemnul
Zin
The Shining One

Shops:
D:2 (   D:3 (   D:6 * D:9

* ..P.)....##
.........## ####
.......$..# ###...##
.▒▒▒▒.....# #§......
.▒..'...P.###§~~≈≈~~
.▒>.▒..PP..§§§§▒▒▒▒▒
.▒▒▒▒...).###§c▒§§§▒
.$.....P..# #§§§§§§▒
.......P.## #.≈▒@§§▒
.....P...# #c~▒▒▒▒▒
..P.....## #.~~
.....P### #....
##...... #####..#
######.##......#
#.##..... #. #..# .#
#. #..# ..#


You could see a centaur warrior (extremely poisoned).


Message History

Okay, then.
Really read the scroll of poison?
You can't even see any enemies this would affect.
The air fills with toxic fumes!
As you read the scroll of poison, it crumbles to dust.
The centaur warrior is poisoned.
Casting: Shock (safe; 1% risk of failure)
Confirm with . or Enter, or press ? or * to list all spells.
Aiming: Airstrike (safe; 1% risk of failure)
Press: ? - help, Dir - move target, f - centaur warrior
Aim: a centaur warrior, wielding a +0 shortbow (poison gas, wandering, poisoned, hasn't noticed you, empty space bonus: 6/8)
The air twists around and strikes the centaur warrior!
The centaur warrior shouts!
The centaur warrior is lightly wounded.
The centaur warrior is engulfed in poison gas.
The centaur warrior looks even sicker.
The centaur warrior shoots an arrow.
The arrow hits you.
Casting: Airstrike (safe; 1% risk of failure)
Confirm with . or Enter, or press ? or * to list all spells.
Aiming: Airstrike (safe; 1% risk of failure)
Press: ? - help, Dir - move target, f/p - centaur warrior
Aim: a centaur warrior, wielding a +0 shortbow (poison gas, moderately wounded, very poisoned, empty space bonus: 6/8)
The air twists around and strikes the centaur warrior!
The centaur warrior is heavily wounded.
The centaur warrior looks even sicker.
The centaur warrior shoots an arrow.
The arrow hits you!!
* * * LOW HITPOINT WARNING * * *
The centaur warrior is engulfed in poison gas.
The centaur warrior looks as sick as possible!
The centaur warrior shoots an arrow.
The arrow hits you!
You die...

Skill      XL: |  1  2  3  4  5  6  7  8  9 10 |
---------------+-------------------------------+-----
Air Magic      | 5 6 7 10 12 14 15 | 15.9
Fighting       | 1 3 |  3.0
Dodging        | 3 4 5 6 7 |  7.0
Spellcasting   | 3 4 5 |  5.0
Conjurations   | 2 4 |  4.0
Stealth        | |  2.0

Action                   |  1- 3 |  4- 6 |  7- 9 | 10-12 || total
-------------------------+-------+-------+-------+-------++-------
Melee: Dagger            |       |       |       |     7 ||     7
       Whip              |       |       |       |     4 ||     4
       Kick              |       |       |       |     3 ||     3
       Peck              |       |       |       |     2 ||     2
 Cast: Shock             |    43 |   150 |   252 |    31 ||   476
       Static Discharge  |       |       |    28 |    11 ||    39
       Airstrike         |       |       |    10 |    16 ||    26
Evoke: Wand              |       |       |       |     6 ||     6
  Use: Scroll            |     1 |       |     8 |     2 ||    11
       Potion            |       |       |       |     1 ||     1
 Stab: Paralysed         |       |       |       |     3 ||     3
Armor: Robe              |     1 |     6 |    10 |    15 ||    32
Dodge: Dodged            |     5 |    12 |    57 |    40 ||   114

Levels and vault maps discovered:
D:1:      noname_arrival_rooms_in_the_neighbourhood, layout_basic,
          ebering_ecumenical_altar_hall, minmay_pentomino_s2
D:2:      layout_basic, serial_shops, shop_statue
D:3:      layout_loops_cross, serial_co_window_serial, co_window_paths_a,
          co_window_corner_a, co_window_paths_b, co_window_corner_a,
          co_window_paths_b, co_window_unsneaky_path_d, co_window_broadway_a,
          co_window_2corner, co_window_unsneaky_path_e,
          co_window_unsneaky_path_b, glass_columns_a, glass_columns_a,
          serial_shops, nicolae_shop_hallway_stairs, grunt_ministairs_5
D:4:      layout_loops_ring, serial_forest, infiniplex_forest_corner_1,
          infiniplex_forest_lined_4_way, infiniplex_forest_clump_curved,
          infiniplex_forest_clump_double, infiniplex_forest_lined_2,
          infiniplex_forest_clump_double, infiniplex_forest_lined_4_way,
          infiniplex_forest_clump_medium, kennysheep_path_1
D:5:      layout_basic, minmay_temple_entry_ruins, uniq_pikel
D:6:      minmay_evil_eye, layout_cave_pools,
          chequers_temple_overflow_statue_of_worship, serial_shops,
          nicolae_shop_statue_plus, lexackson_kobold_supper
D:7:      layout_layer_cave, roderic_serpentine_path
D:8:      layout_rooms, grunt_decor_mini_mirrors, chequers_serial_rivers_micro_c
D:9:      layout_loops_ring, grunt_lair_entry_orc_guard_hut, serial_shops,
          nicolae_stop_n_shop_1, enter_bailey_3,
          hellmonk_guarded_unrand_cigotuvi
Temple:   nicolae_temple_slightly_damp_pantheon

Notes
Turn   | Place    | Note
-------+----------+-------------------------------------------
     0 | D:1      | quinnr the Tengu Air Elementalist began the quest for the
                  | Orb.
     0 | D:1      | Reached XP level 1. HP: 10/10 MP: 4/4
   310 | D:1      | Found a faded altar of an unknown god.
   337 | D:1      | Reached XP level 2. HP: 15/15 MP: 0/6
   582 | D:1      | Reached skill level 5 in Air Magic
  1015 | D:2      | Reached XP level 3. HP: 13/19 MP: 4/7
  1147 | D:2      | Reached skill level 6 in Air Magic
  1184 | D:2      | Reached XP level 4. HP: 14/24 MP: 3/8
  1189 | D:2      | Learned a level 4 spell: Airstrike
  1374 | D:2      | Found Iwnene's Antique Weapon Shoppe.
  2694 | D:2      | Found Iwnene's Antique Weapon Shoppe.
  4153 | D:3      | Reached skill level 7 in Air Magic
  4704 | D:3      | Found Reyrghuf's Weapon Boutique.
  4731 | D:3      | Gained mutation: Your magical nature lets you fly swiftly
                  | and evasively. [Tengu growth]
  4731 | D:3      | Reached XP level 5. HP: 28/28 MP: 4/9
  5086 | D:4      | Noticed a black bear
  5097 | D:4      | Killed a black bear
  5098 | D:4      | Reached skill level 1 in Fighting
  5098 | D:4      | Reached skill level 3 in Dodging
  5157 | D:4      | Reached XP level 6. HP: 34/34 MP: 4/11
  5367 | D:4      | Reached skill level 3 in Spellcasting
  6280 | D:4      | Reached skill level 2 in Conjurations
  6493 | D:5      | Entered Level 5 of the Dungeon
  6532 | D:5      | Reached skill level 4 in Dodging
  6534 | D:5      | Reached XP level 7. HP: 38/38 MP: 6/12
  6536 | D:5      | Reached skill level 8 in Air Magic
  6700 | D:5      | Learned a level 2 spell: Static Discharge
  6773 | D:5      | Reached skill level 3 in Conjurations
  7299 | D:5      | Noticed Pikel
  7313 | D:5      | Killed Pikel
  7314 | D:5      | Reached skill level 5 in Dodging
  7314 | D:5      | Reached skill level 4 in Conjurations
  7314 | D:5      | Reached skill level 10 in Air Magic
  7314 | D:5      | Reached XP level 8. HP: 30/43 MP: 5/13
  7416 | D:5      | Found a staircase to the Ecumenical Temple.
  7445 | Temple   | Entered the Ecumenical Temple
  7610 | Temple   | Became a worshipper of Vehumet
  7807 | D:5      | Reached skill level 11 in Air Magic
  8362 | D:6      | Reached skill level 12 in Air Magic
  8454 | D:6      | Found a sacrificial altar of Ru.
  8585 | D:6      | Found a blossoming altar of Fedhas.
  8634 | D:6      | Reached XP level 9. HP: 47/47 MP: 7/14
  8915 | D:6      | Reached skill level 13 in Air Magic
  9245 | D:6      | Found Veud's General Store.
  9368 | D:6      | Reached * piety under Vehumet
  9368 | D:6      | Offered knowledge of Sandblast by Vehumet.
  9653 | D:6      | Reached skill level 14 in Air Magic
 11206 | D:7      | Reached ** piety under Vehumet
 11992 | D:7      | Offered knowledge of Searing Ray by Vehumet.
 11993 | D:7      | Reached skill level 2 in Fighting
 13410 | D:8      | Identified the +7 long sword "Surist" {pain, Int+3 Stlth+}
 13953 | D:8      | Reached skill level 6 in Dodging
 13953 | D:8      | Reached skill level 4 in Spellcasting
 13956 | D:8      | Reached skill level 3 in Fighting
 13958 | D:8      | Reached XP level 10. HP: 31/56 MP: 5/17
 14271 | D:9      | Found Goces's General Store.
 14283 | D:8      | Reached skill level 15 in Air Magic
 14770 | D:9      | Reached skill level 7 in Dodging
 14770 | D:9      | Reached skill level 5 in Spellcasting
 14833 | D:9      | Noticed a centaur warrior
 14834 | D:9      | HP: 2/56 [centaur warrior/arrow (23)]
 15003 | D:9      | Found a staircase to the Lair.
 15116 | D:9      | Shot with an arrow by a centaur warrior

Vanquished Creatures
  Pikel (D:5)
  2 centaur skeletons (D:9)
  A wyvern (D:8)
  A vampire (D:6)
  A water moccasin (D:6)
  3 orc warriors
  2 black bears
  2 ice beasts
  A centaur (D:9)
  An ogre (D:6)
  2 phantoms
  2 kobold brigands
  2 bullfrogs
  3 necrophages
  7 scorpions
  5 wights (D:8)
  8 killer bees
  A jelly (D:4)
  4 hounds
  2 orc priests
  2 gnoll boudas
  3 iguanas
  11 orc wizards
  14 gnolls
  9 adders
  3 shadow imps
  A dart slug (D:3)
  2 worms
  29 orcs
  6 ball pythons
  7 bats
  13 endoplasms
  4 giant cockroaches
  8 goblins
  5 hobgoblins
  4 quokkas
  4 frilled lizards
  13 kobolds
  7 rats
196 creatures vanquished.

Vanquished Creatures (others)
  11 fungi (D:9)
  34 plants
45 creatures vanquished.

Grand Total: 241 creatures vanquished

Table legend: (Time is in decaauts)
 A = Elapsed time spent in this place.
 B = Non-inter-level travel time spent in this place.
 C = Inter-level travel time spent in this place.
 D = Time resting spent in this place.
 E = Time spent auto-exploring this place.
 F = Levels seen in this place.
 G = Mean time per level.
                   A        B        C        D        E       F      G
               +--------+--------+--------+--------+--------+-----+--------+
         Total |  14519 |  14253 |    266 |   1648 |  10912 |  10 | 1451.9 |
       Dungeon |  14343 |  14093 |    250 |   1648 |  10779 |   9 | 1593.7 |
        Temple |    175 |    159 |     16 |      0 |    133 |   1 |  175.0 |
               +--------+--------+--------+--------+--------+-----+--------+

Top non-repeatable levels by time:
     D:7: 2865 daAuts
     D:2: 2750 daAuts
     D:5: 1821 daAuts
     D:8: 1404 daAuts
     D:4: 1389 daAuts
     D:6: 1314 daAuts
     D:3: 1229 daAuts
     D:1: 1017 daAuts
     D:9: 551 daAuts
  Temple: 175 daAuts

Table legend:
 A = Non-vault XP
 B = Vault XP
 C = Vault XP percentage of total XP
 D = Non-vault monster count
 E = Vault monster count
 F = Vault count percentage of total count
                 A         B        C        D         E       F
            +---------+---------+-------+---------+---------+-------
      Total |    4640 |    2298 |  33.1 |     167 |      29 |  14.8
            +---------+---------+-------+---------+---------+-------
        D:1 |      23 |       3 |  11.5 |      13 |       2 |  13.3
        D:2 |      79 |       0 |   0.0 |      16 |       0 |   0.0
        D:3 |      61 |       2 |   3.2 |      21 |       2 |   8.7
        D:4 |     374 |       0 |   0.0 |      23 |       0 |   0.0
        D:5 |     575 |     651 |  53.1 |      21 |       1 |   4.5
        D:6 |    1170 |     213 |  15.4 |      23 |      12 |  34.3
        D:7 |     656 |       0 |   0.0 |      18 |       0 |   0.0
        D:8 |    1157 |       0 |   0.0 |      22 |       0 |   0.0
        D:9 |     545 |    1429 |  72.4 |      10 |      12 |  54.5
            +---------+---------+-------+---------+---------+-------
